 Dungeon Crawl Stone Soup version 0.30-b1-2-g02819fbbbe (webtiles) character file.

Game seed: 18443476373547531019

8003 Banci the Spear-Bearer (level 11, -35/95 HPs)
             Began as a Minotaur Berserker on Jan 5, 2024.
             Was a High Priest of Trog.
             Annihilated by a white ugly thing (48 damage)
             ... on level 9 of the Dungeon.
             The game lasted 00:25:05 (6169 turns).

Banci the Spear-Bearer (Minotaur Berserker)         Turns: 6169, Time: 00:25:05

Health: -35/95     AC: 17    Str: 26    XL:     11   Next: 4%
Magic:  10/10      EV:  8    Int:  4    God:    Trog [*****.]
Gold:   353        SH:  9    Dex: 10    Spells: 10/10 levels left

rFire   + . .        r - +2 trident (heavy)
rCold   x . .        l - +0 kite shield
rNeg    . . .        R - +0 plate armour
rPois   .            (helmet restricted)
rElec   .            C - +0 cloak
rCorr   .            (no gloves)
SInv    .            F - +0 pair of boots
Will    +....        p - amulet of regeneration Stlth
                     n - +4 ring of slaying
HPRegen 1.15/turn    y - ring of Soshie {Fire Will+ Slay+4}
MPRegen 0.12/turn

%: no passive effects
@: no status effects
A: horns 2, retaliatory headbutt
a: Renounce Religion, Berserk, Trog's Hand, Brothers in Arms


You were on level 9 of the Dungeon.
You worshipped Trog.
Trog was extremely pleased with you.
You visited 1 branch of the dungeon, and saw 9 of its levels.

You collected 563 gold pieces.
You spent 210 gold pieces at shops.

Inventory:

Hand Weapons
 a - a +0 hand axe
 r - a +2 heavy trident (weapon)
 B - a +2 quarterstaff of chaos
 D - a +0 hammer
 E - a +0 flail
Armour
 b - a +0 animal skin
 l - a +0 kite shield (worn)
 q - a +0 ring mail
 w - a +3 chain mail of willpower
 x - a +0 helmet
 C - a +0 cloak (worn)
 F - a +0 pair of boots (worn)
 M - +0 steam dragon scales
 Q - a +0 chain mail
 R - a +0 plate armour (worn)
Jewellery
 n - a +4 ring of slaying (left hand)
 p - an amulet of regeneration (around neck)
 u - an amulet of guardian spirit
 y - the ring of Soshie (right hand) {Fire Will+ Slay+4}
   (You found it on level 4 of the Dungeon)

   [ring of fire]

   It enhances your fire magic.
   Slay:      It affects your accuracy & damage with ranged weapons and melee
   (+4).
   rF:        It protects you from fire.
   rC:        It makes you vulnerable to cold.
   Will:      It increases your willpower.
Wands
 K - a wand of polymorph (20)
 S - a wand of charming (4)
Scrolls
 d - a scroll of torment {unknown}
 g - 2 scrolls of poison {unknown}
 i - 4 scrolls of teleportation {unknown}
 m - 10 scrolls of identify {unknown}
 t - a scroll of fear {unknown}
 v - 3 scrolls of amnesia {unknown}
 I - a scroll of immolation {unknown}
 J - a scroll of vulnerability {unknown}
 N - a scroll of enchant weapon {unknown}
 P - a scroll of fog {unknown}
Potions
 c - 2 potions of haste {unknown}
 e - 6 potions of curing {unknown}
 f - 4 potions of lignification {unknown}
 h - 4 potions of mutation {unknown}
 j - 4 potions of brilliance {unknown}
 k - a potion of magic {unknown}
 o - 3 potions of ambrosia {unknown}
 s - 2 potions of berserk rage {unknown}
 z - 2 potions of resistance {unknown}
 A - 18 potions of degeneration
 G - 4 potions of heal wounds {unknown}
 H - a potion of might
 L - a potion of cancellation {unknown}
 O - a potion of flight {unknown}


   Skills:
 + Level 8.6 Fighting
 + Level 5.4(9.8) Axes
 + Level 12.6(13.1) Polearms
 + Level 9.9 Armour
 + Level 5.1 Dodging
 + Level 1.1 Stealth
 + Level 7.3 Shields


You had 10 spell levels left.
You didn't know any spells.
Your spell library was empty.

Dungeon Overview and Level Annotations

Branches:
Dungeon (9/15)             Temple (0/1) D:6            Lair (0/5) D:9
    Orc: D:9-12

Altars:
Gozag
Hepliaklqana
Makhleb
Sif Muna
Wu Jian
Zin

Shops:
D:4 !![*   D:8 *


Innate Abilities, Weirdness & Mutations

You have a pair of horns on your head.
You reflexively headbutt those who attack you in melee.


Message History

The green ugly thing gurgles horribly!
The green ugly thing gurgles horribly!
The spriggan shouts!
The spriggan changes into a queen bee!
The queen bee changes into a harpy!
The harpy changes into a rime drake!
The rime drake changes into a naga!
The naga changes into an ice beast!
The ice beast changes into a wolf!
Could not explore, unopened runed door.
You open the gate.
The white ugly thing attacks as you move away!
The white ugly thing headbutts you but does no damage.
The green ugly thing basks in the mutagenic energy from its kin and changes!
You block the white ugly thing's attack.
You puncture the white ugly thing! You headbutt the white ugly thing!
The white ugly thing is heavily wounded.
The green ugly thing bites you but does no damage.
The sky beast flickers out of sight!
Deactivating autopickup; reactivate with Ctrl-A.
The white ugly thing headbutts you but does no damage.
You block the green ugly thing's attack.
The white ugly thing headbutts you. The white ugly thing freezes you!!!
You feel a terrible chill!
Ouch! That really hurt!
The green ugly thing bites you but does no damage.
The green ugly thing basks in the mutagenic energy from its kin and changes!
The green ugly thing attacks as you move away!
The green ugly thing bites you but does no damage.
The white ugly thing attacks as you move away!
The white ugly thing headbutts you. The white ugly thing freezes you!!
You feel a terrible chill!
* * * LOW HITPOINT WARNING * * *
The green ugly thing basks in the mutagenic energy from its kin and changes!
The green ugly thing basks in the mutagenic energy from its kin and changes!
The white ugly thing basks in the mutagenic energy from its kin and changes!
The white ugly thing headbutts you.
* * * LOW HITPOINT WARNING * * *
The white ugly thing freezes you!!!
You feel a terrible chill!
Ouch! That really hurt!
You die...

!#....#..........##
#.#.#.#.......##).#
!#....'..##..####)#
...#..'.........).)
.#....{............
#.#.#.#.u..........
.#ยง...#............
##########u..........
#...@u..uu...........
##.......u............
##.....................
##.................<....
#.......................
#.......................
#.......##......>##.....
##...............##....)
#.......##.......#......


You could see 5 ugly things.

Vanquished Creatures
  Pikel (D:4)
  A cyclops (D:9)
  A rime drake (D:9)
  A troll (D:9)
  A polar bear (D:9)
  Prince Ribbit (D:6)
  2 dream sheep (D:7)
  6 yaks (D:9)
  Eustachio (D:4)
  4 steam dragons (D:8)
  Duvessa (D:7)
  4 water moccasins
  An orc warrior (D:9)
  A sky beast (D:7)
  8 ice beasts
  3 black bears
  2 ogres
  3 wolves (D:9)
  A phantom (D:5)
  4 bullfrogs
  5 scorpions
  Dowan (D:7)
  16 killer bees
  4 howler monkeys
  A hound (D:5)
  A jelly (D:5)
  4 gnoll boudas
  Crazy Yiuf (D:4)
  Terence (D:3)
  3 iguanas
  A sleepcap (D:5)
  9 orc wizards
  16 gnolls
  5 adders
  2 white imps
  An ufetubus (D:5)
  2 dart slugs
  21 orcs
  3 ball pythons
  2 endoplasms (D:2)
  A giant cockroach (D:4)
  5 goblins
  3 hobgoblins
  6 quokkas
  4 bats
  3 frilled lizards
  5 kobolds
  2 rats
175 creatures vanquished.

Vanquished Creatures (others)
  3 plants (D:6)
3 creatures vanquished.

Grand Total: 178 creatures vanquished

Notes
Turn   | Place    | Note
-------+----------+-------------------------------------------
     0 | D:1      | Banci the Minotaur Berserker began the quest for the Orb.
     0 | D:1      | Reached XP level 1. HP: 19/19 MP: 0/0
   472 | D:1      | Reached XP level 2. HP: 27/27 MP: 1/1
  1182 | D:2      | Reached XP level 3. HP: 34/34 MP: 2/2
  1517 | D:3      | Reached XP level 4. HP: 41/41 MP: 3/3
  1519 | D:3      | Found a glowing silver altar of Zin.
  1525 | D:3      | Found a faded altar of an unknown god.
  1582 | D:3      | Reached skill level 5 in Fighting
  1586 | D:3      | Reached ** piety under Trog
  1686 | D:3      | Found a shimmering blue altar of Sif Muna.
  1692 | D:3      | Noticed Terence
  1702 | D:3      | Killed Terence
  1703 | D:3      | Reached skill level 1 in Polearms
  2094 | D:4      | Reached XP level 5. HP: 48/48 MP: 4/4
  2118 | D:4      | Reached skill level 2 in Polearms
  2183 | D:4      | Noticed a black bear
  2189 | D:4      | Killed a black bear
  2190 | D:4      | Reached skill level 5 in Axes
  2190 | D:4      | Reached XP level 6. HP: 41/56 MP: 5/5
  2326 | D:4      | Found Osyfem's Assorted Antiques.
  2327 | D:4      | Found Yjyskip's Distillery.
  2330 | D:4      | Found Cutzu's Antique Armour Shoppe.
  2341 | D:4      | Found Dytzet's Distillery.
  2364 | D:4      | Bought a runed chain mail for 210 gold pieces
  2404 | D:4      | Identified the ring of Soshie {Fire Will+ Slay+4}
  2437 | D:4      | Noticed Eustachio
  2440 | D:4      | Noticed Pikel
  2441 | D:4      | Killed Eustachio
  2442 | D:4      | Reached skill level 3 in Polearms
  2448 | D:4      | Killed Pikel
  2449 | D:4      | Reached skill level 5 in Polearms
  2449 | D:4      | Reached skill level 5 in Armour
  2449 | D:4      | Reached XP level 7. HP: 50/62 MP: 6/6
  2493 | D:4      | Found a runed translucent door.
  2494 | D:4      | Noticed Crazy Yiuf
  2876 | D:4      | Killed Crazy Yiuf
  2877 | D:4      | Reached skill level 6 in Polearms
  2956 | D:5      | Entered Level 5 of the Dungeon
  2990 | D:5      | Found an opulent altar of Gozag.
  2990 | D:5      | Found a burning altar of Makhleb.
  3042 | D:5      | Reached XP level 8. HP: 70/70 MP: 7/7
  3200 | D:5      | Found an ornate altar of the Wu Jian Council.
  3240 | D:5      | Reached skill level 1 in Shields
  3263 | D:5      | Reached skill level 7 in Polearms
  3900 | D:6      | Noticed Prince Ribbit
  3907 | D:6      | Killed Prince Ribbit
  3908 | D:6      | Reached skill level 8 in Polearms
  3918 | D:6      | Reached *** piety under Trog
  3928 | D:6      | Reached XP level 9. HP: 74/79 MP: 8/8
  3938 | D:6      | Reached skill level 1 in Stealth
  3958 | D:6      | Reached skill level 9 in Polearms
  4178 | D:6      | Found a staircase to the Ecumenical Temple.
  4384 | D:7      | Noticed Duvessa
  4384 | D:7      | Noticed Dowan
  4394 | D:7      | Killed Duvessa
  4402 | D:7      | Killed Dowan
  4403 | D:7      | Reached skill level 10 in Polearms
  4810 | D:7      | Found a flagged portal.
  4948 | D:7      | Identified the +3 whip "Bydaism" {heavy, Dex+3}
  5115 | D:8      | Reached XP level 10. HP: 68/88 MP: 9/9
  5120 | D:8      | Reached **** piety under Trog
  5121 | D:8      | Reached skill level 11 in Polearms
  5278 | D:8      | Found a hazy altar of Hepliaklqana.
  5507 | D:8      | Found Yvoudymn's General Store.
  5621 | D:9      | Reached skill level 5 in Shields
  5674 | D:9      | Noticed a cyclops
  5676 | D:9      | Found a staircase to the Lair.
  5688 | D:9      | Reached skill level 12 in Polearms
  5692 | D:9      | Reached ***** piety under Trog
  5715 | D:9      | Reached skill level 5 in Dodging
  5715 | D:9      | Killed a cyclops
  5885 | D:9      | Reached XP level 11. HP: 46/95 MP: 10/10
  5967 | D:9      | Found a runed translucent gate.
  5967 | D:9      | Found a runed translucent gate.
  5967 | D:9      | Found a runed translucent gate.
  5967 | D:9      | Noticed a white ugly thing
  5967 | D:9      | Noticed a purple ugly thing
  5967 | D:9      | Noticed a white ugly thing
  5967 | D:9      | Noticed a brown ugly thing
  5967 | D:9      | Noticed a purple ugly thing
  5968 | D:9      | Noticed a brown ugly thing
  6123 | D:9      | a queen bee changed into a harpy
  6123 | D:9      | Noticed a harpy (glowing shapeshifter)
  6124 | D:9      | a harpy changed into a rime drake
  6169 | D:9      | Annihilated by a white ugly thing

Illustrated notes

Levels and vault maps discovered:
D:1:      evilmike_arrival_crescent, layout_loops_ring,
          chequers_decorated_corner
D:2:      layout_basic
D:3:      layout_loops_ring, mainiacjoe_overflow_tiny_flanked,
          lemuel_crystal_altar, hellmonk_ecumenical_altar_pennies_from_heaven,
          kennysheep_crisscross, uniq_terence
D:4:      layout_loops_ring, chequers_serial_rivers_micro_b,
          minmay_shop_grid_forest, chequers_serial_rivers_large_a, uniq_pikel,
          uniq_crazy_yiuf_cottage, uniq_eustachio
D:5:      layout_loops_corners, nicolae_overflow_two_pavilions,
          nicolae_wu_jian_immortal_techniques, kennysheep_generic_room_11
D:6:      layout_rooms, minmay_temple_entry_gardened_gates,
          corexii_item_surrounded_by_moat, minivault_23, uniq_prince_ribbit1
D:7:      layout_basic, enter_bailey_7, dreamdust_gnoll_shepherd, uniq_duvessa
D:8:      layout_rooms, lemuel_round_altar, serial_shops,
          nicolae_shop_window_shopping
D:9:      layout_rooms, hellmonk_lair_entry_icy,
          ploomutoo_gammafunk_ghost_potion_laboratory

Skill      XL: |  1  2  3  4  5  6  7  8  9 10 |
---------------+-------------------------------+-----
Fighting       | 4 5 6 7 8 |  8.6
Axes           | 4 5 |  5.4
Armour         | 3 5 6 7 8 9 |  9.9
Polearms       | 1 2 5 6 8 10 12 | 12.6
Dodging        | 3 4 5 |  5.1
Shields        | 2 4 7 |  7.3
Stealth        | 1 |  1.1

Action                     |  1- 3 |  4- 6 |  7- 9 | 10-12 || total
---------------------------+-------+-------+-------+-------++-------
  Melee: Hand axe          |    40 |       |       |       ||    40
         Headbutt          |     6 |     5 |    23 |    18 ||    52
         Trident           |     8 |    33 |   132 |   108 ||   281
 Armour: Animal skin       |     7 |       |       |       ||     7
         Ring mail         |    13 |     5 |       |       ||    18
         Chain mail        |       |     5 |   112 |    95 ||   212
         Plate armour      |       |       |       |     5 ||     5
  Dodge: Dodged            |    22 |    13 |    74 |    88 ||   197
  Block: Kite shield       |     7 |     4 |    58 |    92 ||   161
